 Dungeon Crawl Stone Soup version 0.28.0-45-g0d030f2227 (webtiles) character file.

Game seed: 3465822146910160047

2704 Andrea the Carver (level 9, -2/74 HPs)
             Began as a Human Fighter on Apr 5, 2022.
             Slain by a death knight
             ... wielding a +2 glaive
              (21 damage)
             ... on level 9 of the Dungeon.
             The game lasted 00:17:18 (9418 turns).

Andrea the Carver (Human Fighter)                   Turns: 9418, Time: 00:17:19

Health: -2/74      AC: 19    Str: 21    XL:     9   Next: 97%
Magic:  9/9        EV:  7    Int: 11    God:
Gold:   1100       SH:  6    Dex: 25    Spells: 8/8 levels left

rFire   . . .      SeeInvis .   z - +10 long sword of Dishonesty {freeze, rC+}
rCold   + . .      Faith    .   c - +0 buckler
rNeg    + . .      Spirit   .   t - +8 chain mail of Ynaukisk {Fly Will- Dex+6 Slay+3}
rPois   .          Reflect  .   E - +1 helmet {Int+3}
rElec   .          Harm     .   (no cloak)
rCorr   .          Rampage  .   (no gloves)
Will    .....                   (no boots)
Stlth   ..........              (no amulet)
HPRegen 0.22/turn               j - ring of positive energy
MPRegen 0.11/turn               u - +6 ring of dexterity

@: flying
A: no striking features
a: no special abilities


You were on level 9 of the Dungeon.
You visited 2 branches of the dungeon, and saw 10 of its levels.

You collected 1338 gold pieces.
You spent 238 gold pieces at shops.

Inventory:

Hand Weapons
 k - a +1 dagger of venom
 w - a +3 scimitar
 z - the +10 long sword of Dishonesty (weapon) {freeze, rC+}
   (You bought it in a shop on level 7 of the Dungeon)

   It freezes those it strikes, dealing additional cold damage.
   It can also slow down cold-blooded creatures.
   rC:        It protects you from cold.
Missiles
 m - 25 poisoned darts (quivered)
 B - a curare-tipped dart
Armour
 c - a +0 buckler (worn)
 t - the +8 chain mail of Ynaukisk (worn) {Fly Will- Dex+6 Slay+3}
   (You found it on level 5 of the Dungeon)

   Dex:       It affects your dexterity (+6).
   Slay:      It affects your accuracy & damage with ranged weapons and melee
   (+3).
   Fly:       It grants you flight.
   Will:      It decreases your willpower.
 E - a +1 helmet of intelligence (worn)
Jewellery
 j - a ring of positive energy (left hand)
 u - a +6 ring of dexterity (right hand)
Wands
 A - a wand of digging (6)
 C - a wand of flame (9)
Scrolls
 a - a scroll of silence
 b - 2 scrolls of identify
 e - 5 scrolls of teleportation
 g - a scroll of fear
 l - a scroll of immolation {unknown}
 q - 3 scrolls of fog {unknown}
 r - a scroll of blinking {unknown}
 s - a scroll of noise {unknown}
 x - 2 scrolls of magic mapping {unknown}
 y - a scroll of brand weapon {unknown}
Potions
 d - 3 potions of might
 f - a potion of cancellation
 i - 3 potions of brilliance
 n - 2 potions of heal wounds
 o - a potion of degeneration {unknown}
 p - a potion of magic {unknown}
 v - 2 potions of curing
 D - a potion of mutation {unknown}


   Skills:
 - Level 8.0 Fighting
 * Level 10.7 Long Blades
 + Level 3.0 Armour
 + Level 3.0 Shields


You had 8 spell levels left.
You didn't know any spells.
Your spell library contained the following spells:

 Spells                   Type           Power      Damage    Failure   Level
 Freeze                   Ice            0%         1d3       99%         1
 Slow                     Hex            0%         N/A       99%         1
 Corpse Rot               Necr/Air       0%         N/A       100%        2
 Ensorcelled Hibernation  Hex/Ice        0%         N/A       100%        2
 Passwall                 Tmut/Erth      0%         N/A       100%        2
 Poisonous Vapours        Pois/Air       0%         N/A       100%        2
 Static Discharge         Conj/Air       0%         N/A       100%        2
 Confusing Touch          Hex            0%         N/A       100%        3
 Gell's Gravitas          Tloc           0%         N/A       100%        3
 Swiftness                Air            0%         N/A       100%        3
 Teleport Other           Tloc           0%         N/A       100%        3
 Vampiric Draining        Necr           0%         2d6       100%        3
 Fulminant Prism          Conj/Hex       0%         3d6       100%        4
 Iskenderun's Mystic Bla  Conj/Tloc      0%         2d3       100%        4
 Lee's Rapid Deconstruct  Erth           0%         3d5*      100%        5
 Lightning Bolt           Conj/Air       0%         1d11      100%        5
 Conjure Ball Lightning   Conj/Air       0%         3x3d6     100%        6
 Dispersal                Tloc           0%         N/A       100%        6
 Discord                  Hex            0%         N/A       100%        8
 Disjunction              Tloc           0%         N/A       100%        8
 Maxwell's Capacitive Co  Air            0%         ∞         100%        8


Dungeon Overview and Level Annotations

Branches:
Dungeon (9/15)             Temple (1/1) D:4             Orc (0/2) D:9
   Lair: D:8-11

Altars:
Cheibriados
Fedhas
Gozag
Kikubaaqudgha
Makhleb
Qazlal
Ru
Sif Muna
Trog
Vehumet
The Shining One
Lugonu

Shops:
D:7 (   D:8 :

Annotations:
D:3 3 runed translucent doors, DemonSlayer's ghost, weakling DsFE


Message History

Things that are here:
a +0 short sword; a +0 leather armour; an orc corpse
Things that are here:
a +0 short sword; 3 boomerangs; a +0 scale mail
Things that are here:
a +0 war axe; an orc corpse
Things that are here:
a +0 dagger; a +0 leather armour
Found a staircase to the Orcish Mines.
An orc is nearby!
The orc shouts!
You slash the orc! You freeze the orc.
You kill the orc!
No target in view!
No target in view!
Found a flail.
Found 5 javelins.
You see here a +0 flail.
You hear the creaking of a portcullis nearby.
A death knight comes into view. It is wielding a +2 glaive.
The death knight shouts!
A death knight is nearby!
Found a scale mail.
The death knight hits you from afar with a +2 glaive!
You hit the death knight. You freeze the death knight.
The death knight is lightly wounded.
The death knight offers itself to Yredelemnul, and fills with unholy energy.
You slash the death knight! You freeze the death knight.
The death knight is moderately wounded.
The death knight reflects your damage back at you!
The death knight hits you with a +2 glaive!
You hit the death knight. You freeze the death knight.
The death knight is moderately wounded.
The death knight reflects your damage back at you!
The death knight hits you with a +2 glaive!
* * * LOW HITPOINT WARNING * * *
You closely miss the death knight.
The death knight is moderately wounded.
The death knight hits you with a +2 glaive!!
You die...

#####..# #
########..###########
.
.....................
.
(.......)............
. ................# .
.############...######
########.........
.................
.........@.......
#########p.......
...............
...............
[..............
#####..........
...........
............
.............


You could see a death knight (reflects damage).

Vanquished Creatures
  A troll (D:9)
  3 orc warriors
  A sky beast (D:6)
  3 black bears
  3 ogres
  2 centaurs
  2 kobold brigands (D:8)
  A bullfrog (D:7)
  A wyvern zombie (D:8)
  2 scorpions
  8 wights
  An electric eel (D:7)
  A centaur zombie (D:5)
  4 orc priests
  2 bullfrog skeletons
  3 hounds
  4 orc wizards
  A killer bee zombie (D:6)
  A hound skeleton (D:2)
  8 adders
  A white imp (D:6)
  5 ufetubi
  An adder zombie (D:5)
  An adder skeleton (D:5)
  A worm (D:2)
  2 dart slugs
  37 orcs
  2 endoplasms
  4 giant cockroaches
  3 goblins
  8 hobgoblins
  5 jackals
  5 quokkas
  6 ball pythons
  3 bats
  A frilled lizard (D:3)
  18 kobolds
  3 rats (D:2)
158 creatures vanquished.

Vanquished Creatures (others)
  5 fungi
  4 plants
9 creatures vanquished.

Grand Total: 167 creatures vanquished

Notes
Turn   | Place    | Note
-------+----------+-------------------------------------------
     0 | D:1      | Andrea the Human Fighter began the quest for the Orb.
     0 | D:1      | Reached XP level 1. HP: 18/18 MP: 1/1
   305 | D:1      | Reached XP level 2. HP: 23/24 MP: 2/2
   948 | D:2      | Reached XP level 3. HP: 28/29 MP: 3/3
   980 | D:2      | Reached skill level 3 in Long Blades
  1070 | D:2      | Found a blossoming altar of Fedhas.
  1234 | D:2      | Reached XP level 4. HP: 35/35 MP: 4/4
  1758 | D:2      | Identified a scroll of acquirement
  1758 | D:2      | Acquired 923 gold pieces
  2017 | D:3      | Found a runed translucent gate.
  2017 | D:3      | Found a runed translucent gate.
  2018 | D:3      | Found a runed translucent gate.
  2019 | D:3      | Noticed DemonSlayer's ghost (weakling DsFE)
  2474 | D:3      | Found a faded altar of an unknown god.
  2482 | D:3      | Got Plato's Incunabulum of the Glacier
  2540 | D:3      | Found a stormy altar of Qazlal.
  2780 | D:4      | Found a glowing golden altar of the Shining One.
  2872 | D:4      | Reached skill level 4 in Long Blades
  3233 | D:4      | Reached XP level 5. HP: 39/42 MP: 5/5
  3470 | D:4      | Found a staircase to the Ecumenical Temple.
  3512 | Temple   | Entered the Ecumenical Temple
  3808 | D:4      | Noticed an ogre
  3829 | D:4      | Killed an ogre
  3830 | D:4      | Reached XP level 6. HP: 28/48 MP: 6/6
  4026 | D:4      | Found a snail-covered altar of Cheibriados.
  4026 | D:4      | Noticed a torpor snail
  4026 | D:4      | Noticed a torpor snail
  4028 | D:4      | Noticed a torpor snail
  4203 | D:5      | Entered Level 5 of the Dungeon
  4208 | D:5      | Reached skill level 5 in Long Blades
  4670 | D:5      | Noticed an ogre
  4699 | D:5      | Killed an ogre
  4700 | D:5      | Reached XP level 7. HP: 5/55 MP: 7/7
  5239 | D:5      | Identified the +8 chain mail of Ynaukisk {Fly Will- Dex+6
                  | Slay+3}
  5386 | D:5      | Reached skill level 5 in Fighting
  5386 | D:5      | Reached skill level 6 in Long Blades
  5430 | D:5      | Found a burning altar of Makhleb.
  6531 | D:6      | Reached skill level 7 in Long Blades
  6531 | D:6      | Reached XP level 8. HP: 46/63 MP: 8/8
  7369 | D:6      | Reached skill level 8 in Long Blades
  7682 | D:7      | Found Ereak's Antique Weapon Boutique.
  7688 | D:7      | Reached XP level 9. HP: 51/71 MP: 9/9
  7788 | D:7      | Bought an iridescent long sword for 238 gold pieces
  7788 | D:7      | Identified the +10 long sword of Dishonesty {freeze, rC+}
                  | (You bought it in a shop on level 7 of the Dungeon)
  7865 | D:7      | Reached skill level 9 in Long Blades
  8159 | D:7      | You are sucked into a shaft and drop 1 floor!
  8429 | D:8      | Found Heawarghy's Book Shoppe.
  8532 | D:8      | Reached skill level 10 in Long Blades
  8919 | D:8      | Identified the +0 ring mail of Baldness {rF+ rC+ Int-2
                  | Dex+4}
  9270 | D:9      | Noticed a troll
  9276 | D:9      | Killed a troll
  9377 | D:9      | Found a staircase to the Orcish Mines.
  9410 | D:9      | Noticed a death knight
  9418 | D:9      | Slain by a death knight

Illustrated notes

Levels and vault maps discovered:
D:1:      mushboom_english_gardens, layout_basic
D:2:      layout_basic, basic_altar
D:3:      layout_loops_corners, lemuel_tele_altar, ebering_ghost_rock_garden,
          shapermc_ecumenical_altar_rom_forum
D:4:      layout_cave_pods, cheibriados_altar_2, mainiacjoe_overflow_boulevard,
          minmay_temple_entry_wispy
D:5:      minmay_evil_eye, layout_layer_cave, marbit_many_paths
D:6:      layout_loops_corners, chequers_serial_rivers_micro_b, corexii_shack
D:7:      minmay_chambers_of_sevens, layout_loops_corners,
          nicolae_overflow_hallway_of_the_gods, serial_shops, shop,
          minmay_crystal_water, corner_web_ring, serial_bayou_pond_b,
          grunt_ministairs_3
D:8:      layout_basic, serial_shops, nicolae_lakefront_shop
D:9:      layout_long_grid, dk_yredelemnul_ordeal, david_orc_2, enter_bailey_5
Temple:   corrupted_temple

Skill      XL: |  1  2  3  4  5  6  7  8  9 |
---------------+----------------------------+-----
Long Blades    | 3 4 5 7 8 10 | 10.7
Fighting       | 4 5 6 8 |  8.0
Armour         | |  3.0
Shields        | |  3.0

Action                   |  1- 3 |  4- 6 |  7- 9 || total
-------------------------+-------+-------+-------++-------
Melee: Long sword        |    85 |   180 |   176 ||   441
       Dagger            |       |     9 |     6 ||    15
       Scimitar          |       |       |    57 ||    57
Throw: Dart              |       |     2 |     2 ||     4
  Use: Scroll            |       |     4 |     4 ||     8
       Potion            |       |       |     2 ||     2
Armor: Scale mail        |    24 |       |       ||    24
       Plate armour      |    24 |   131 |     1 ||   156
       Chain mail        |       |       |   164 ||   164
Dodge: Dodged            |    20 |    49 |    77 ||   146
Block: Buckler           |    15 |    49 |    66 ||   130
